 Dungeon Crawl Stone Soup version 0.31.0-9-g3a7656b989 (webtiles) character file.

Game seed: 142302606661283326

51 stipulation the Grave Robber (level 3, -2/16 HPs)
             Began as a Vine Stalker Necromancer on Jan 25, 2024.
             Slain by a gnoll
             ... wielding a +0 spear
              (8 damage)
             ... on level 2 of the Dungeon.
             The game lasted 00:02:51 (1214 turns).

stipulation the Grave Robber (VSNe)                 Turns: 1214, Time: 00:02:52

Health: -2/16      AC:  2    Str: 12    XL:     3   Next: 81%
Magic:  0/8        EV: 12    Int: 15    God:
Gold:   58         SH:  0    Dex: 14    Spells: 6/7 levels left

rFire   . . .        g - +0 dagger
rCold   . . .        (no shield)
rNeg    . . .        a - +0 robe
rPois   .            (no helmet)
rElec   .            (no cloak)
rCorr   .            (no gloves)
SInv    .            (no boots)
Will    .....        (no amulet)
Stlth   ++           (no ring)
HPRegen 1.02/turn    (no ring)
MPRegen 0.11/turn

%: guardian spirit
@: no status effects
A: fangs 2, regeneration 1, magic shield, antimagic bite, no potion heal 2
a: no special abilities


You were on level 2 of the Dungeon.
You visited 1 branch of the dungeon, and saw 2 of its levels.

You collected 58 gold pieces.

Inventory:

Hand Weapons
 g - a +0 dagger (weapon)
Armour
 a - a +0 robe (worn)
Jewellery
 h - a +4 ring of slaying
Scrolls
 c - 3 scrolls of identify {unknown}
 d - a scroll of noise {unknown}
 j - a scroll of fear {unknown}
Potions
 b - a potion of magic
 e - a potion of curing {unknown}
 f - a potion of haste {unknown}
 i - a potion of cancellation {unknown}


   Skills:
 - Level 1.7 Dodging
 + Level 3.5 Stealth
 + Level 2.9 Spellcasting
 + Level 4.4 Necromancy


You had 6 spell levels left.
You knew the following spells:

 Your Spells              Type           Power      Damage    Failure   Level
a - Necrotise             Necr           60%        1d7       3%          1

Your spell library contained the following spells:

 Spells                   Type           Power      Damage    Failure   Level
 Vampiric Draining        Necr           15%        2d7       10%         3
 Cigotuvi's Dreadful Rot  Necr/Alch/Air  12%        N/A       17%         2
 Animate Dead             Necr           15%        N/A       32%         4
 Tukima's Dance           Hex            2%         N/A       52%         3
 Curse of Agony           Necr           15%        N/A       65%         5
 Ignite Poison            Fire/Alch      2%         N/A       90%         4
 Passage of Golubria      Tloc           2%         N/A       90%         4
 Freezing Cloud           Conj/Ice/Air   1%         6-21      99%         5
 Yara's Violent Unravell  Hex/Alch       1%         3d3       99%         5


Dungeon Overview and Level Annotations

Branches:
Dungeon (2/15)

Altars:

Shops:
D:1 =

Annotations:
D:2 Natasha


Innate Abilities, Weirdness & Mutations

You have extremely sharp teeth.
Your natural rate of healing is unusually fast.
When hurt, damage is shared between your health and your magic reserves.
Your bite disrupts and absorbs the magic of your enemies.
Potions cannot restore your health.


Message History

The gnoll shouts!
You hear a shout!
Casting: Necrotise (safe; 3% risk of failure)
Confirm with . or Enter, or press ? or * to list all spells.
Aiming: Necrotise (safe; 3% risk of failure)
Press: ? - help, Shift-Dir - straight line, f - gnoll
Aim: a gnoll, wielding a +0 spear (chance to affect: 79%)
The gnoll writhes in agony.
Casting: Necrotise (safe; 3% risk of failure)
Confirm with . or Enter, or press ? or * to list all spells.
Aiming: Necrotise (safe; 3% risk of failure)
Press: ? - help, Shift-Dir - straight line, f/p - gnoll
Aim: a gnoll, wielding a +0 spear (lightly wounded, chance to affect: 79%)
The gnoll writhes in agony.
Casting: Necrotise (safe; 3% risk of failure)
Confirm with . or Enter, or press ? or * to list all spells.
Aiming: Necrotise (safe; 3% risk of failure)
Press: ? - help, Shift-Dir - straight line, f/p - gnoll
Aim: a gnoll, wielding a +0 spear (moderately wounded, chance to affect: 79%)
The gnoll barely resists.
The gnoll closely misses you.
Casting: Necrotise (safe; 3% risk of failure)
Confirm with . or Enter, or press ? or * to list all spells.
Aiming: Necrotise (safe; 3% risk of failure)
Press: ? - help, Shift-Dir - straight line, f/p - gnoll
Aim: a gnoll, wielding a +0 spear (moderately wounded, chance to affect: 79%)
The gnoll writhes in agony.
The gnoll hits you from afar with a +0 spear!
Casting: Necrotise (safe; 3% risk of failure)
Confirm with . or Enter, or press ? or * to list all spells.
Aiming: Necrotise (safe; 3% risk of failure)
Press: ? - help, Shift-Dir - straight line, f/p - gnoll
Aim: a gnoll, wielding a +0 spear (heavily wounded, chance to affect: 79%)
The gnoll barely resists.
The gnoll hits you from afar with a +0 spear!
Casting: Necrotise (safe; 3% risk of failure)
Confirm with . or Enter, or press ? or * to list all spells.
You don't have enough magic to cast this spell.
Unknown command.
The gnoll hits you with a +0 spear!
Ouch! That really hurt!
You die...

... #.........#
#.####........#
###
#.............#
..#
##.รท.....g....#
#.# #.##...#.....#
#.# ######
#.##...#.#.###
#.#####....#
#.##...#.#.....g$#
........##Z#
#g##...+.....##..#
#.########.#
#@##...#..##.g.
#.##....)..#
#.##....... ..#.
#.##...#######
#.####.##.. .## #
#........<...# #.#
#+### g
#####.....##.# #.#
.
###<#####.##.###.#
#..............#.#
#.....####.#...#.#
#.....# #.#####.#


You could see a gnoll.

Vanquished Creatures
  Natasha (D:2)
  3 endoplasms
  A hobgoblin (D:1)
  7 jackals (D:2)
  2 bats (D:1)
  3 frilled lizards (D:1)
  2 goblins
  A kobold (D:1)
  3 rats
23 creatures vanquished.

Vanquished Creatures (collateral kills)
  A jackal (D:2)
1 creature vanquished.

Grand Total: 24 creatures vanquished

Notes
Turn   | Place    | Note
-------+----------+-------------------------------------------
     0 | D:1      | stipulation the Vine Stalker Necromancer began the quest
                  | for the Orb.
     0 | D:1      | Reached XP level 1. HP: 9/9 MP: 4/4
   222 | D:1      | Found Nosk's Jewellery Boutique.
   284 | D:1      | Reached XP level 2. HP: 13/13 MP: 3/6
   297 | D:1      | Found a faded altar of an unknown god.
   906 | D:2      | Reached XP level 3. HP: 16/16 MP: 7/7
   950 | D:2      | Noticed Natasha
   967 | D:2      | Killed Natasha
  1039 | D:2      | Noticed Natasha
  1214 | D:2      | Slain by a gnoll

Illustrated notes

Levels and vault maps discovered:
D:1:      dpeg_arrival_refuge, layout_loops_ring,
          chequers_ecumenical_altar_simple, serial_shops, shop
D:2:      layout_basic, uniq_natasha, uniq_jessica

Skill      XL: |  1  2 |
---------------+-------+-----
Stealth        | 3 |  3.5
Dodging        | |  1.7
Spellcasting   | |  2.9
Necromancy     | |  4.4

Action                     || total
---------------------------++-------
  Melee: Dagger            ||    39
         Bite              ||    10
         Unarmed           ||     1
   Cast: Necrotise         ||    36
 Armour: Robe              ||    21
  Dodge: Dodged            ||    32
